 Dungeon Crawl Stone Soup version 0.16.1-18-g436b03c (webtiles) character file.

180 Leviathan2552 the Sneak (level 5, 0/26 HPs)
             Began as a Spriggan Assassin on May 5, 2015.
             Was an Initiate of Nemelex Xobeh.
             Slain by a gnoll
             ... wielding a +0 halberd
              (9 damage)
             ... on level 3 of the Dungeon.
             The game lasted 00:13:53 (3035 turns).

Leviathan2552 the Sneak (Spriggan Assassin)         Turns: 3035, Time: 00:13:53

Health: 0/26       AC:  3    Str:  7    XL:     5   Next: 33%
Magic:  10/10      EV: 18    Int: 13    God:    Nemelex Xobeh [......]
Gold:   103        SH:  5    Dex: 16    Spells: 0 memorised, 4 levels left

rFire  . . .     SeeInvis +     w - +2 dagger (vamp)
rCold  . . .     Rnd*Rage +     c - +0 robe
rNeg   . . .     SustAb   .     q - +0 buckler
rPois  .         Gourm    .     (helmet restricted)
rElec  .         Spirit   .     d - +0 cloak
rCorr  .         Warding  .     (gloves unavailable)
rMut   .         Stasis   .     (boots unavailable)
MR     .....                    (no amulet)
Stlth  ++++......               (no ring)
                                r - ring of flight

@: very quick, not resistant to hostile enchantments, stealthy
A: unfitting armour, see invisible, berserk 1, clumsy 1, herbivore 3, speed 3,
slow metabolism 2
a: Renounce Religion, Evoke Flight


You were on level 3 of the Dungeon.
You worshipped Nemelex Xobeh.
Nemelex Xobeh was noncommittal.
You were completely stuffed.

You visited 1 branch of the dungeon, and saw 3 of its levels.

You collected 103 gold pieces.

Inventory:

Hand weapons
 a - a +2 dagger
 b - a +0 blowgun
 h - a +0 short sword of venom
 k - a +2 dagger of distortion
 w - a +2 vampiric dagger (weapon)
Missiles
 e - 25 poisoned needles (quivered)
 f - 2 curare-tipped needles
Armour
 c - a +0 robe (worn)
 d - a +0 cloak (worn)
 q - a +0 buckler (worn)
Jewellery
 r - a ring of flight (left hand)
Magical devices
 x - a wand of fireball (4)
Scrolls
 i - a scroll of identify
 p - 2 scrolls of immolation
Potions
 j - a potion of curing {unknown}
 m - a potion of flight {unknown}
 n - a potion of haste {unknown}
 o - a potion of brilliance {unknown}
 s - a potion of heal wounds {unknown}
 t - a potion of resistance {unknown}
 u - a potion of might {unknown}
Miscellaneous
 v - a plain deck of war
Comestibles
 g - 2 bread rations
 l - 9 fruits


   Skills:
 * Level 2.3 Fighting
 * Level 3.2 Short Blades
 + Level 2.5 Throwing
 * Level 4.1 Dodging
 + Level 7.1 Stealth
 * Level 0.7 Shields


You had 4 spell levels left.
You didn't know any spells.

Dungeon Overview and Level Annotations

Branches:
Dungeon (3/15)

Altars:
Kikubaaqudgha
Nemelex Xobeh
Ru
Trog
The Shining One


Innate Abilities, Weirdness & Mutations

You are tiny and cannot use many weapons and most armour.
You have supernaturally acute eyesight.
You are a herbivore.
You cover ground extremely quickly.
You need consume almost no food.
You tend to lose your temper in combat.
You are clumsy. (Dex -2)


Message History

You hit the orc but do no damage.
The orc is moderately wounded.
You block the orc's attack.
You hit the orc but do no damage.
The orc is moderately wounded.
You block the gnoll's attack. You block the orc's attack.
You hit the orc but do no damage.
The orc is moderately wounded.
The gnoll barely misses you. You block the orc's attack.
You hit the orc but do no damage.
The orc is moderately wounded.
The gnoll closely misses you. The orc hits you with a short sword.
Your shield prevents you from hitting the orc.
The orc is moderately wounded.
You hit the orc but do no damage.
The orc is moderately wounded.
The orc hits you with a short sword.
The gnoll hits you from afar with a halberd!
You die...
Your body disappears without a glow.

...⌠[.≈≈≈.####
#.#
##........#
#.# ####.###..
#(# .. ####
#.# # #.# #.#
######.#
#####......#
##.S.##@#####
##.Go8[#o#
#......g.# ##
#._....G.# #.
#........# #.
##...8.### #.
##...# ######.
####
#######......
#............


You could see an eye of draining, a gnoll and an orc.

Vanquished Creatures
  Sigmund (D:3)
  2 adders
  3 worms
  2 giant geckos (D:2)
  6 orcs (D:3)
  2 giant cockroaches
  5 hobgoblins
  5 jackals
  3 quokkas (D:2)
  A ball python (D:2)
  8 bats
  5 giant newts
  7 goblins
  9 kobolds
  11 rats
70 creatures vanquished.

Vanquished Creatures (others)
  A giant cockroach (D:1)
1 creature vanquished.

Grand Total: 71 creatures vanquished

Notes
Turn   | Place    | Note
--------------------------------------------------------------
     0 | D:1      | Leviathan2552, the Spriggan Assassin, began the quest for the Orb.
     0 | D:1      | Reached XP level 1. HP: 10/10 MP: 2/2
    26 | D:1      | Reached skill level 6 in Stealth
   160 | D:1      | Reached XP level 2. HP: 9/14 MP: 4/4
   882 | D:2      | Reached XP level 3. HP: 18/18 MP: 6/6
  1033 | D:2      | Found a sacrificial altar of Ru.
  1130 | D:2      | Gained mutation: You are clumsy. (Dex -2) [mutagenic glow]
  1166 | D:2      | Gained mutation: You tend to lose your temper in combat. [mutagenic glow]
  2038 | D:2      | Reached XP level 4. HP: 20/23 MP: 8/8
  2088 | D:3      | Found an ancient bone altar of Kikubaaqudgha.
  2160 | D:3      | Found a sparkling altar of Nemelex Xobeh.
  2165 | D:3      | Found a glowing golden altar of the Shining One.
  2171 | D:3      | Became a worshipper of Nemelex Xobeh the Trickster
  2245 | D:3      | Received a gift from Nemelex Xobeh
  2271 | D:3      | Noticed Sigmund
  2952 | D:3      | Killed Sigmund
  2952 | D:3      | Reached skill level 7 in Stealth
  2952 | D:3      | Reached XP level 5. HP: 21/26 MP: 10/10
  2991 | D:3      | Found a bloodstained altar of Trog.
  2992 | D:3      | Noticed an eye of draining
  3035 | D:3      | Slain by a gnoll

Action                   |  1- 3 |  4- 6 || total
-------------------------+-------+-------++-------
Melee: Dagger            |   162 |   114 ||   276
 Fire: Blowgun           |       |     2 ||     2
  Use: Scroll            |       |     3 ||     3
 Stab: Sleeping          |    11 |     2 ||    13
       Distracted        |       |     2 ||     2
  Eat: Bread ration      |     1 |     1 ||     2
       Fruit             |       |     1 ||     1
